 Dungeon Crawl Stone Soup version 0.22-a0-348-gd16d139 (webtiles) character file.

8673 BaronVonScrub the Geomancer (level 11, -7/61 HPs)
             Began as a Formicid Earth Elementalist on Apr 11, 2018.
             Was a Priest of Sif Muna.
             Mangled by a troll (14 damage)
             ... on level 8 of the Dungeon.
             The game lasted 00:53:44 (11259 turns).

BaronVonScrub the Geomancer (FoEE)                 Turns: 11259, Time: 00:53:45

Health: -7/61      AC:  7    Str: 17    XL:     11   Next: 60%
Magic:  20/24      EV: 14    Int: 19    God:    Sif Muna [***...]
Gold:   407        SH:  0    Dex: 11    Spells: 8/28 levels left

rFire    . . .     SeeInvis +   a - +5 dagger (drain)
rCold    . . .     Gourm    .   (no shield)
rNeg     . . .     Faith    .   c - +1 robe
rPois    .         Spirit   .   (helmet unavailable)
rElec    .         Reflect  .   (no cloak)
rCorr    .         Harm     .   f - +2 pair of gloves
MR       +....                  k - +0 pair of boots
Stlth    ++........             (no amulet)
HPRegen  0.20/turn              e - +5 ring of strength
MPRegen  0.19/turn              q - +2 ring of evasion

@: studying Shields
A: permanent stasis, dig shafts and tunnels, four strong arms, antennae 3, frail
1
a: Dig, Shaft Self, Divine Energy, Channel Magic, Renounce Religion


You were on level 8 of the Dungeon.
You worshipped Sif Muna.
Sif Muna was most pleased with you.
You were not hungry.

You visited 1 branch of the dungeon, and saw 9 of its levels.
You also visited: Bailey.

You collected 575 gold pieces.
You spent 168 gold pieces at shops.

Inventory:

Hand Weapons
 a - a +5 dagger of draining (weapon)
Missiles
 b - 180 stones (quivered)
Armour
 c - a +1 robe (worn)
 f - a +2 pair of gloves (worn)
 k - a +0 pair of boots (worn)
 z - a +0 ring mail
 A - a +2 scale mail of fire resistance
Jewellery
 e - a +5 ring of strength (left hand)
 n - an uncursed ring of fire
 o - a cursed ring of loudness
 q - a +2 ring of evasion (right hand)
Wands
 p - a wand of flame (13)
 s - a wand of digging (31)
 w - a wand of iceblast (14)
Scrolls
 i - 2 scrolls of fog
 j - 7 scrolls of identify
 l - 3 scrolls of enchant armour
 v - 2 scrolls of remove curse
 y - 2 scrolls of amnesia
Potions
 g - a potion of curing
 m - a potion of magic
 t - a potion of ambrosia
 u - 2 potions of lignification
 x - 3 potions of brilliance
Books
 r - a manual of Shields
Comestibles
 d - 14 rations


   Skills:
 + Level 4.9 Short Blades
 - Level 1.7 Dodging
 - Level 4.4 Stealth
 - Level 9.4 Spellcasting
 - Level 3.2 Conjurations
 * Level 4.5 Hexes
 + Level 6.2 Transmutations
 + Level 13.1 Earth Magic
 - Level 1.0 Evocations


You had 8 spell levels left.
You knew the following spells:

 Your Spells              Type           Power        Failure   Level  Hunger
a - Sandblast             Erth           ######       1%          1    None
b - Passwall              Tmut/Erth      #####.....   1%          2    None
c - Stone Arrow           Conj/Erth      #####.       1%          3    None
d - Petrify               Tmut/Erth      #####...     1%          4    ###....
e - Lee's Rapid Deconstr  Erth           ######....   1%          5    #####..
f - Yara's Violent Unrav  Hex/Tmut       ####......   24%         5    #####..


Dungeon Overview and Level Annotations

Branches:
Dungeon (9/15)             Temple (0/1) D:7
   Lair: D:8-11         Orc: D:9-12

Altars:
Hepliaklqana
Kikubaaqudgha
Makhleb
Nemelex Xobeh
Okawaru
Sif Muna
Wu Jian
Yredelemnul

Shops:
D:6 }   D:8 (


Innate Abilities, Weirdness & Mutations

You cannot be hasted, slowed, berserked, paralysed or teleported.
You can dig through walls and to a lower floor.
Your four strong arms can wield two-handed weapons with a shield.
You have a pair of large antennae on your head. (SInv)
You are frail. (-10% HP)


Message History

Confirm with . or Enter, or press ? or * to list all spells.
Aiming: Sandblast (safe; 1% risk of failure)
Press: ? - help, Shift-Dir - straight line, f/p - troll
Aim: a troll (severely wounded)
The blast of sand misses the troll.
b - 181 stones The troll bites you.
* * * LOW HITPOINT WARNING * * *
The troll barely misses you. x2
The quokka bites you but does no damage.
Casting: Sandblast (safe; 1% risk of failure)
Confirm with . or Enter, or press ? or * to list all spells.
Aiming: Sandblast (safe; 1% risk of failure)
Press: ? - help, Shift-Dir - straight line, f/p - troll
Aim: a troll (severely wounded)
The blast of sand hits the troll.
The troll is almost dead.
b - 180 stones The troll bites you!
You die...

#.# #.##.# #.# #.## #.# #.#
#.##.# #.# #.####.# #.# #.##.#
#.# #....... #.# ### #.##.# ##.##
######.. #.###.##
#.##.###...########..
####.##.#.###.##.................
.....#.###.##.##.###.>.######....
###...## ##.########..## #....
##.#.#.###.#####@###.## #....
#.......#...##8T.r8#.# ##...
#..#.#....####.......# ##.#
#.#...##)## #8.(...8## #.#
#.##.###.# ##.....## #.#
#.#...##.# #8...8# #.# ....#.##.#
##.....## #####.#
#.#...##.####8.....8# #......
#.##........##.....## #.....#


You could see a troll and a quokka.

Vanquished Creatures
  The ghost of Caerwyn the Ruffian, a novice TrFi of Hepliaklqana (D:7)
  The ghost of NervFog the Zephyrmancer, a novice TeAE of Vehumet (D:8)
  An unseen horror (D:7)
  Pikel (D:5)
  Psyche (D:8)
  Grinder (D:5)
  2 wyverns
  Eustachio (D:6)
  6 yaks
  Menkaure (D:6)
  Edmund (D:5)
  A water moccasin (D:8)
  7 orc warriors
  3 ice beasts
  6 ogres
  A necrophage (D:9)
  2 sky beasts
  2 black bears
  A centaur (D:8)
  2 phantoms (D:4)
  A big kobold (D:8)
  5 bullfrogs
  A wyvern skeleton (D:6)
  A water moccasin skeleton (D:4)
  4 scorpions
  4 killer bees (D:9)
  3 howler monkeys (D:8)
  7 crimson imps
  A bullfrog zombie (D:5)
  4 orc priests
  6 jellies
  5 hounds
  An orc wizard (D:6)
  A centaur skeleton (D:5)
  6 iguanas
  8 worker ants
  2 hound zombies
  5 gnolls
  14 adders
  A shadow imp (D:9)
  6 oozes
  An adder skeleton (D:5)
  2 worms (D:2)
  A dart slug (D:2)
  7 leopard geckos
  22 orcs
  8 giant cockroaches
  4 goblins
  9 hobgoblins
  5 jackals
  27 kobolds
  3 quokkas
  A ball python (D:2)
  5 bats
  3 frilled lizards
  A leopard gecko skeleton (D:4)
  7 rats
234 creatures vanquished.

Vanquished Creatures (others)
  A slave (D:5)
  An adder (D:4)
2 creatures vanquished.

Grand Total: 236 creatures vanquished

Notes
Turn   | Place    | Note
-------+----------+-------------------------------------------
     0 | D:1      | BaronVonScrub the Formicid Earth Elementalist began the quest for the Orb.
     0 | D:1      | Reached XP level 1. HP: 13/13 MP: 3/3
   125 | D:1      | Reached skill level 4 in Earth Magic
   170 | D:1      | Reached XP level 2. HP: 19/19 MP: 1/5
   235 | D:1      | Learned a level 2 spell: Passwall
   878 | D:1      | Reached XP level 3. HP: 24/24 MP: 6/6
   883 | D:1      | Learned a level 3 spell: Stone Arrow
  1102 | D:2      | Found a sparkling altar of Nemelex Xobeh.
  1112 | D:2      | Reached skill level 5 in Earth Magic
  1112 | D:2      | Reached XP level 4. HP: 30/30 MP: 2/8
  1250 | D:2      | Reached skill level 1 in Short Blades
  1648 | D:2      | Reached XP level 5. HP: 35/35 MP: 1/9
  2698 | D:3      | Found an ornate altar of the Wu Jian Council.
  3144 | D:4      | Noticed a phantom
  3175 | D:4      | Killed a phantom
  3175 | D:4      | Reached XP level 6. HP: 23/41 MP: 0/11
  3299 | D:4      | Reached skill level 1 in Conjurations
  3508 | D:4      | Noticed a phantom
  3527 | D:4      | Killed a phantom
  3527 | D:4      | Reached skill level 6 in Earth Magic
  3653 | D:4      | Reached XP level 7. HP: 46/46 MP: 8/13
  3813 | D:4      | Noticed Pikel
  3869 | D:5      | Entered Level 5 of the Dungeon
  3872 | D:5      | Killed Pikel
  3872 | D:5      | Reached skill level 7 in Earth Magic
  3872 | D:5      | Reached XP level 8. HP: 28/52 MP: 11/17
  3942 | D:5      | Noticed a wyvern
  3944 | D:5      | Killed a wyvern
  4498 | D:5      | Noticed Edmund
  4503 | D:5      | Killed Edmund
  4503 | D:5      | Reached skill level 8 in Earth Magic
  4536 | D:5      | Reached XP level 9. HP: 57/57 MP: 16/19
  5286 | D:5      | Found a hazy altar of Hepliaklqana.
  5385 | D:6      | Noticed Grinder
  5391 | D:5      | Killed Grinder
  6082 | D:6      | Reached skill level 9 in Earth Magic
  6110 | D:6      | Noticed Eustachio
  6174 | D:6      | Killed Eustachio
  6184 | D:6      | Reached skill level 1 in Evocations
  6329 | D:6      | Found an ancient bone altar of Kikubaaqudgha.
  6359 | D:6      | Noticed Menkaure
  6362 | D:6      | Killed Menkaure
  6404 | D:6      | Found Ypeuw's Gadget Emporium.
  6410 | D:6      | Bought a wand of iceblast (10) for 168 gold pieces
  6414 | D:6      | Reached XP level 10. HP: 63/63 MP: 15/22
  6545 | D:6      | Reached skill level 5 in Transmutations
  6578 | D:6      | Learned a level 4 spell: Petrify
  6584 | D:6      | Learned a level 5 spell: Lee's Rapid Deconstruction
  6646 | D:6      | Found a deep blue altar of Sif Muna.
  6646 | D:6      | Found a burning altar of Makhleb.
  6649 | D:6      | Became a worshipper of Sif Muna the Loreminder
  6964 | D:7      | Noticed Caerwyn's ghost (novice TrFi)
  7211 | D:7      | Reached skill level 10 in Earth Magic
  7488 | D:7      | Killed Caerwyn's ghost
  7701 | D:7      | Reached * piety under Sif Muna
  7909 | D:7      | Noticed an unseen horror
  7915 | D:7      | Killed an unseen horror
  8056 | D:7      | Found a staircase to the Ecumenical Temple.
  8166 | D:7      | Learned a level 5 spell: Yara's Violent Unravelling
  8317 | D:8      | Reached skill level 1 in Hexes
  8317 | D:8      | Reached skill level 11 in Earth Magic
  8529 | D:8      | Found Suis's Antique Weapon Boutique.
  8635 | D:8      | Reached ** piety under Sif Muna
  8642 | D:8      | Reached XP level 11. HP: 65/68 MP: 7/24
  8816 | D:8      | Noticed Psyche
  8824 | D:8      | Killed Psyche
  9012 | D:8      | Found a basalt altar of Yredelemnul.
  9021 | D:8      | Found an iron altar of Okawaru.
  9057 | D:8      | Noticed NervFog's ghost (novice TeAE)
  9066 | D:8      | Gained mutation: You are frail. (-10% HP) [you]
  9077 | D:8      | You fall through a shaft!
  9180 | D:9      | Reached skill level 12 in Earth Magic
  9262 | D:9      | Found a flagged portal.
  9529 | Bailey   | Entered a bailey
 10038 | Bailey   | Found a burning altar of Makhleb.
 10156 | D:9      | Reached *** piety under Sif Muna
 10647 | D:8      | Killed NervFog's ghost
 10647 | D:8      | Reached skill level 13 in Earth Magic
 11259 | D:8      | Mangled by a troll

Vault maps used:
D:1:      giann_bridges
D:2:      lemuel_doored_altar, kennysheep_generic_room_9
D:3:      marbit_many_paths
D:4:      first_ration, uniq_pikel
D:5:      lemuel_coloured_pillars_altar, uniq_edmund
D:6:      gammafunk_temple_overflow_elements, serial_shops, nicolae_shop_trees,
          basic_altar, uniq_eustachio, uniq_menkaure, uniq_grinder
D:7:      cheibrodos_fzero, minmay_temple_entry_junction_2
D:8:      overflow_temple_1_default, nicolae_overflow_hidden_temple,
          serial_shops, nicolae_shop_trees, hangedman_little_slice_of_home,
          uniq_psyche
D:9:      enter_bailey_2, trog_three_pillars_becter
Bailey:   bailey_axe_3, bailey

Skill      XL: |  1  2  3  4  5  6  7  8  9 10 11 |
---------------+----------------------------------+-----
Earth Magic    | 4 5 6 7 8 9 11 13 | 13.1
Short Blades   | 1 2 3 4 |  4.9
Spellcasting   | 3 4 6 8 9 |  9.4
Transmutations | 2 3 4 5 6 |  6.2
Conjurations   | 1 2 3 |  3.2
Evocations     | 1 |  1.0
Stealth        | 4 |  4.4
Hexes          | 2 4 |  4.5
Dodging        | |  1.7

Action                   |  1- 3 |  4- 6 |  7- 9 | 10-12 || total
-------------------------+-------+-------+-------+-------++-------
Melee: Dagger            |     9 |    46 |    58 |    75 ||   188
 Cast: Sandblast         |    22 |    26 |    27 |    92 ||   167
       Passwall          |     2 |       |     1 |       ||     3
       Stone Arrow       |     2 |    33 |    51 |    99 ||   185
       Lee's Rapid Decon |       |       |       |    10 ||    10
       Petrify           |       |       |       |     8 ||     8
       Yara's Violent Un |       |       |       |     2 ||     2
 Abil: Dig               |       |       |     7 |     3 ||    10
       Shaft Self        |       |       |       |     1 ||     1
Evoke: Wand              |       |       |    12 |     7 ||    19
  Use: Scroll            |     1 |     5 |       |     7 ||    13
       Potion            |       |     4 |       |    10 ||    14
 Stab: Sleeping          |     1 |       |     2 |     2 ||     5
       Paralysed         |       |       |     9 |       ||     9
       Petrified         |       |       |       |     3 ||     3
  Eat: Chunk             |     1 |     4 |     8 |    10 ||    23
       Ration            |       |     2 |     1 |     3 ||     6
Armor: Robe              |     2 |    13 |    26 |    35 ||    76
Dodge: Dodged            |     3 |    28 |    51 |   107 ||   189

Table legend:
 A = Spawn XP
 B = Non-spawn XP
 C = Spawn XP percentage of total XP
 D = Spawn monster count
 E = Non-spawn monster count
 F = Spawn count percentage of total count
 G = Total turns spent on level
                    A         B        C        D         E        F      G
               +---------+---------+-------+---------+---------+-------+---------
         Total |       0 |   12391 |   0.0 |       0 |     234 |   0.0 | 11259
               +---------+---------+-------+---------+---------+-------+---------
           D:1 |       0 |      30 |   0.0 |       0 |      17 |   0.0 |   980
           D:2 |       0 |     139 |   0.0 |       0 |      26 |   0.0 |  1253
           D:3 |       0 |      38 |   0.0 |       0 |      13 |   0.0 |   911
           D:4 |       0 |     632 |   0.0 |       0 |      13 |   0.0 |  1115
           D:5 |       0 |    1886 |   0.0 |       0 |      25 |   0.0 |  1160
           D:6 |       0 |    1373 |   0.0 |       0 |      25 |   0.0 |  1842
           D:7 |       0 |    2842 |   0.0 |       0 |      24 |   0.0 |   983
           D:8 |       0 |    3540 |   0.0 |       0 |      52 |   0.0 |  1895
           D:9 |       0 |    1493 |   0.0 |       0 |      23 |   0.0 |   510
        Bailey |       0 |     418 |   0.0 |       0 |      16 |   0.0 |   610
               +---------+---------+-------+---------+---------+-------+---------
